 Dungeon Sprint DCSS version 0.31-a0-851-g7ff8af7976 (webtiles) character file.

Game seed: 13042608754051573953

443 AiryTheDragon the Arsonist (level 6, -1/41 HPs)
             Began as a Demonspawn Fire Elementalist on Oct 7, 2023.
             Was an Initiate of Jiyva (penitent).
             Slain by a centaur warrior (5 damage)
             ... in the Dungeon (Sprint I: "Red Sonja").
             The game lasted 00:08:17 (448 turns).

AiryTheDragon the Arsonist (DsFE)                    Turns: 448, Time: 00:08:25

Health: -1/41      AC:  4    Str:  9    XL:     6   Next: 71%
Magic:  3/16       EV: 13    Int: 18    God:    Jiyva [......]
Gold:   162        SH:  0    Dex: 13    Spells: 6/19 levels left

rFire   . . .        g - +0 scythe
rCold   . . .        (shield currently unavailable)
rNeg    . . .        a - +0 robe
rPois   .            (no helmet)
rElec   .            (no cloak)
rCorr   .            (no gloves)
SInv    .            (no boots)
Will    .....        (no amulet)
Stlth   +            (no ring)
HPRegen 0.26/turn    (no ring)
MPRegen 0.15/turn

%: no teleportation
@: very slightly contaminated, hasted, slow
A: claws 1, icy blue scales 1
a: Renounce Religion


You were in the Dungeon.
You worshipped Jiyva.
Jiyva was demanding penance.
You visited 1 branch You collected 162 gold pieces.

Inventory:

Hand Weapons
 g - a +0 scythe (weapon)
 h - a +0 dagger
Armour
 a - a +0 robe (worn)
 i - a +0 ring mail
Wands
 f - a wand of polymorph (5)
Potions
 b - 3 potions of magic
 c - a potion of curing
 j - a potion of invisibility {unknown}


   Skills:
 + Level 4.7 Dodging
 + Level 4.1 Stealth
 + Level 2.0 Unarmed Combat
 + Level 7.2 Spellcasting
 + Level 2.4 Conjurations
 + Level 9.7 Fire Magic


You had 6 spell levels left.
You knew the following spells:

 Your Spells              Type           Power      Damage    Failure   Level
a - Foxfire               Conj/Fire      100%       2x1d9     1%          1
b - Scorch                Fire           82%        2d8       1%          2
c - Inner Flame           Hex/Fire       24%        N/A       4%          3
d - Volatile Blastmotes   Fire/Tloc      48%        2d14      4%          3
e - Flame Wave            Conj/Fire      28%        2d9       9%          4

Your spell library contained the following spells:

 Spells                   Type           Power      Damage    Failure   Level


Dungeon Overview and Level Annotations

Branches:
Dungeon (1/1)

Altars:
Makhleb
Sif Muna
Vehumet
Wu Jian
Xom
Jiyva
Lugonu


Innate Abilities, Weirdness & Mutations

You have sharp fingernails.
You are partially covered in icy blue scales. (AC +2)


Message History

You are very lightly contaminated with residual magic.
Nothing appears to happen.
The centaur warrior hits you but does no damage.
The centaur warrior kicks you.
You hear a distant slurping noise.
The centaur warrior hits you but does no damage.
The centaur warrior closely misses you.
The jelly hits the centaur warrior.
The centaur warrior is splashed with acid.
Casting: Flame Wave (quite dangerous; 9% risk of failure)
Confirm with . or Enter, or press ? or * to list all spells.
Casting: Flame Wave (quite dangerous; 9% risk of failure)
Press: ? - help, Dir - look around, f - activate A wave of flame ripples out!
The flame wave engulfs the centaur warrior!
The centaur warrior is burned terribly!
The centaur warrior is severely wounded.
The flame wave engulfs the centaur warrior!
The centaur warrior is burned terribly!
The centaur warrior is heavily wounded. (Press . to intensify the flame waves.)
The centaur warrior hits you.
The centaur warrior kicks you but does no damage.
The centaur warrior is engulfed in a cloud of scalding steam.
The centaur warrior hits you!
* * * LOW HITPOINT WARNING * * *
The centaur warrior kicks you but does no damage.
A wave of flame ripples out!
The flame wave engulfs the centaur warrior!
The centaur warrior is burned terribly!
The centaur warrior is almost dead.
The flame wave engulfs the centaur warrior!
The centaur warrior is burned terribly!
The centaur warrior is severely wounded.
The flame wave engulfs the jelly!
The jelly is almost dead.
You feel very guilty. Furious gurgling surrounds you!
The centaur warrior is no longer more vulnerable to fire.
The centaur warrior hits you.
You die...

##################
<.#..'..#..'..#__#
..†..#..'[.#..'..+
.)#####'#####'#__#
## ..# #..#
#.####§§# ..# ####
##§#§@cJ§# ..#
#_..§§c§§+ ⌠⌠#
+..._#§§§§.# ###
#_.#+##+#### ##+


You could see 2 centaur warriors and a jelly.

Vanquished Creatures
  Sigmund (D)
  A slime creature (D)
  An ogre (D)
  Ijyb (D)
4 creatures vanquished.

Vanquished Creatures (others)
  4 necrophages (D)
  5 jellies (D)
  9 foxfires (D)
18 creatures vanquished.

Grand Total: 22 creatures vanquished

Notes
Turn   | Place    | Note
-------+----------+-------------------------------------------
     0 | D        | AiryTheDragon the Demonspawn Fire Elementalist began the
                  | quest for the Orb.
     0 | D        | Reached XP level 1. HP: 13/13 MP: 3/3
     1 | D        | Noticed Ijyb
    18 | D        | Killed Ijyb
    19 | D        | Reached skill level 4 in Fire Magic
    19 | D        | Gained mutation: You are partially covered in icy blue
                  | scales. (AC +2) [demonic ancestry]
    19 | D        | Reached XP level 2. HP: 19/19 MP: 3/6
    25 | D        | Learned a level 2 spell: Scorch
    64 | D        | Noticed an ogre
    72 | D        | Killed an ogre
    73 | D        | Reached skill level 1 in Unarmed Combat
    73 | D        | Reached skill level 6 in Fire Magic
    73 | D        | Gained mutation: You have sharp fingernails. [demonic
                  | ancestry]
    73 | D        | Reached XP level 3. HP: 2/24 MP: 0/8
    73 | D        | Reached XP level 4. HP: 2/30 MP: 0/10
   195 | D        | Noticed Sigmund
   198 | D        | Killed Sigmund
   199 | D        | Reached skill level 5 in Spellcasting
   199 | D        | Reached skill level 8 in Fire Magic
   199 | D        | Reached XP level 5. HP: 35/35 MP: 4/13
   199 | D        | Reached XP level 6. HP: 41/41 MP: 4/14
   282 | D        | Found a burning altar of Makhleb.
   282 | D        | Found a viscous altar of Jiyva.
   282 | D        | Found a shimmering altar of Xom.
   282 | D        | Found a corrupted altar of Lugonu.
   282 | D        | Noticed a slime creature
   289 | D        | Killed a slime creature
   290 | D        | Reached skill level 9 in Fire Magic
   294 | D        | Learned a level 3 spell: Inner Flame
   298 | D        | Learned a level 3 spell: Volatile Blastmotes
   303 | D        | Learned a level 4 spell: Flame Wave
   429 | D        | Became a worshipper of Jiyva Jinwaeh the Shapeless
   431 | D        | Found an ornate altar of the Wu Jian Council.
   431 | D        | Found a shimmering blue altar of Sif Muna.
   433 | D        | Found a radiant altar of Vehumet.
   435 | D        | Noticed a centaur warrior
   436 | D        | Noticed a centaur warrior
   448 | D        | Was placed under penance by Jiyva
   448 | D        | Slain by a centaur warrior

Illustrated notes

Levels and vault maps discovered:
D:        dungeon_sprint_1 [red_sonja_temple_1, red_sonja_temple_small_1]

Skill      XL: |  1  2  3  4  5  6 |
---------------+-------------------+-----
Dodging        | 2 3 4 |  4.7
Stealth        | 2 3 4 |  4.1
Spellcasting   | 3 4 5 7 |  7.2
Fire Magic     | 4 6 8 9 |  9.7
Unarmed Combat | 1 2 |  2.0
Conjurations   | 2 |  2.4

Action                     |  1- 3 |  4- 6 || total
---------------------------+-------+-------++-------
  Melee: Unarmed           |    16 |       ||    16
         Halberd           |       |     1 ||     1
   Cast: Foxfire           |     5 |       ||     5
         Scorch            |     1 |    12 ||    13
         Flame Wave        |       |     1 ||     1
    Use: Potion            |     1 |     2 ||     3
         Scroll            |     1 |       ||     1
 Armour: Skin              |     4 |       ||     4
         Robe              |     1 |    22 ||    23
  Dodge: Dodged            |     4 |     7 ||    11

Table legend: (Time is in decaauts)
 A = Elapsed time spent in this place.
 B = Non-inter-level travel time spent in this place.
 C = Inter-level travel time spent in this place.
 D = Time resting spent in this place.
 E = Time spent auto-exploring this place.
 F = Levels seen in this place.
 G = Mean time per level.
                   A        B        C        D        E       F      G
               +--------+--------+--------+--------+--------+-----+--------+
         Total |    452 |    452 |      0 |    345 |      0 |   1 |  452.0 |
       Dungeon |    452 |    452 |      0 |    345 |      0 |   1 |  452.0 |
               +--------+--------+--------+--------+--------+-----+--------+

Top non-repeatable levels by time:
       D: 452 daAuts
